Map: Kairos Junction LE

Players

TiPtOP

  • Race: Terran Terran
  • League: Silver
  • Spawn Location: 5:00

Meovin - Winner!

  • Race: Terran Terran
  • League: Gold
  • Spawn Location: 11:00

VOD

Have the link to the VOD?

Description

Time

  • Played on: May 12, 2019, 9:27 p.m.
  • Length: 12:19
Show
View Real Time Build Order
Export as new Build Order

TiPtOP Terran 

Build Orders:  

Get SALT Encoding   

  12  0:01  SCV  
  13  0:13  SCV  
  14  0:20  Supply Depot  
  14  0:25  SCV  
  15  0:41  SCV  
  16  0:44  Barracks  
  16  0:53  SCV  
  16  0:55  Refinery  
  17  1:06  SCV  
  18  1:19  SCV  
  19  1:37  Supply Depot  
  19  1:39  Barracks Reactor  
  19  1:42  Orbital Command  
  19  1:51  Barracks  
  18  2:11  Command Center  
  18  2:13  SCV  
  19  2:15  Marine  
  19  2:16  Marine  
  21  2:35  Marine x2  
  23  2:45  Barracks Tech Lab  
  23  2:52  Supply Depot  
  23  2:53  SCV  
  24  3:01  Factory  
  24  3:06  Marine x2  
  24  3:07  Marine  
  24  3:11  SCV  
  28  3:26  Marine x3, Supply Depot  
  31  3:28  SCV  
  31  3:30  Stimpack  
  32  3:35  SCV  
  32  3:36  Barracks  
  32  3:40  SCV  
  34  3:44  Marine x3  
  37  3:49  Supply Depot  
  37  3:54  SCV  
  38  3:57  SCV  
  39  4:07  Orbital Command  
  39  4:11  Factory Reactor  
  39  4:12  Supply Depot  
  39  4:14  Starport  
  39  4:28  Refinery  
  39  4:30  SCV  
  40  4:32  Barracks Reactor  
  40  4:37  SCV  
  41  4:42  SCV  
  42  4:49  SCV  
  43  4:54  SCV  
  44  5:00  Marine x3  
  44  5:01  SCV  
  48  5:13  Engineering Bay, Factory Tech Lab  
  48  5:20  Supply Depot  
  48  5:21  SCV  
  49  5:22  SCV  
  49  5:25  Marine x4  
  54  5:32  Medivac  
  54  5:33  SCV  
  54  5:34  SCV  
  58  5:43  Supply Depot  
  38  6:02  Medivac  
  38  6:03  SCV  
  41  6:06  Supply Depot  
  41  6:15  SCV  
  41  6:17  SCV  
  43  6:27  SCV  
  43  6:30  SCV  
  45  6:36  Siege Tank  
  45  6:38  Viking  
  51  6:40  SCV  
  51  6:42  SCV  
  51  6:43  Marine x2  
  51  6:44  Marine x2  
  56  6:52  SCV  
  56  6:54  SCV  
  58  6:59  Marine  
  59  7:01  Marine x3  
  59  7:04  SCV  
  63  7:17  Command Center  
  41  7:38  Missile Turret  
  20  7:58  Marine x4  
  22  8:00  Missile Turret  
  24  8:12  Marine  
  25  8:15  Marine  
  25  8:16  Marine x2  
  28  8:22  Marine  
  28  8:23  Missile Turret  
  28  8:25  Siege Tank  
  32  8:30  Marine  
  32  8:33  Marine x2  
  32  8:34  Marine  
  35  8:35  SCV  
  37  8:47  SCV  
  38  8:57  Siege Tank  
  38  8:59  SCV  
  42  9:05  Missile Turret  
  42  9:09  Marine x5  
  47  9:11  SCV  
  48  9:24  SCV x2  
  50  9:25  Missile Turret  
  50  9:27  Marine x5  
  55  9:36  SCV x2  
  55  9:37  Widow Mine  
  59  9:44  Marine x2  
  59  9:45  Marine x3  
  64  9:48  SCV  
  65  9:53  Combat Shield  
  65  10:02  Marine x3  
  65  10:03  Marine  
  69  10:07  SCV  
  69  10:10  SCV  
  71  10:19  SCV  
  72  10:22  SCV  
  23  10:58  Marine  
  23  10:59  Marine x4  
  23  11:01  Siege Tank  
  31  11:16  Marine x2  
  33  11:29  Command Center  
  33  11:33  Siege Tank  
Show
View Real Time Build Order
Export as new Build Order

Meovin Terran - Winner!

Build Orders:  

Get SALT Encoding   

  12  0:00  SCV  
  13  0:13  SCV  
  14  0:18  Supply Depot  
  14  0:25  SCV  
  15  0:30  Refinery  
  15  0:42  Barracks  
  15  0:46  SCV  
  16  0:58  SCV  
  17  1:08  Barracks  
  17  1:10  SCV  
  18  1:22  SCV  
  19  1:30  Supply Depot  
  19  1:31  Marine  
  20  1:39  SCV  
  21  1:49  Marine  
  22  2:02  Barracks Tech Lab  
  22  2:04  Orbital Command  
  22  2:07  Marine  
  23  2:18  Factory, Refinery  
  23  2:21  Stimpack  
  23  2:22  Marine  
  24  2:27  Marine  
  26  2:30  SCV  
  26  2:42  SCV  
  26  2:46  Barracks Reactor  
  26  2:47  Marine  
  27  2:54  SCV  
  28  2:58  Supply Depot  
  28  3:06  Starport  
  28  3:12  Marine  
  29  3:14  Factory Reactor  
  29  3:15  SCV  
  30  3:21  Supply Depot  
  30  3:24  Barracks  
  30  3:28  SCV  
  30  3:29  Marine  
  30  3:30  Marine  
  30  3:32  Marine  
  34  3:43  Engineering Bay  
  34  3:57  Marine  
  34  3:58  Marine x2  
  34  4:02  Medivac  
  39  4:05  Medivac  
  41  4:14  Marine  
  42  4:22  Combat Shield  
  42  4:27  Terran Infantry Weapons Level 1  
  42  4:29  Marine  
  43  4:31  Marine  
  43  4:33  Marine  
  45  4:40  Marine  
  46  4:46  Supply Depot  
  46  4:57  Marine  
  47  5:07  Widow Mine, Marine x2, Marauder  
  47  5:08  Supply Depot  
  53  5:20  Marine  
  54  5:25  Marine  
  55  5:30  Marine, Marauder  
  58  5:38  Marine  
  58  6:05  Marine  
  58  6:06  Marine  
  58  6:07  Medivac  
  58  6:08  Marine  
  63  6:13  Supply Depot  
  63  6:15  Factory Tech Lab  
  63  6:21  Terran Infantry Armor Level 1  
  63  6:34  Marine x3  
  63  6:35  Marauder, Supply Depot  
  63  6:38  Siege Tank  
  71  6:43  Command Center  
  71  6:56  Marine x3, Medivac  
  71  6:58  Supply Depot  
  76  7:05  Supply Depot  
  76  7:06  Marauder  
  78  7:11  SCV  
  79  7:20  Marine x2  
  81  7:23  SCV  
  64  8:29  SCV  
  64  8:33  SCV  
  66  8:37  Marine x4  
  66  8:40  Siege Tank  
  66  8:41  SCV  
  74  8:45  SCV  
  75  8:53  SCV  
  75  8:54  Marine  
  75  8:55  Marine x3  
  80  8:57  SCV  
  81  9:05  SCV  
  83  9:10  SCV  
  83  9:12  Siege Tank, Marine x2  
  83  9:13  Marine x2  
  90  9:17  SCV  
  90  9:22  SCV  
  92  9:30  Marine x2  
  94  9:40  Marine x2  
  94  9:44  Siege Tank  
  99  9:48  Marine x2  
  101  9:58  Marine x2  
  103  10:03  Orbital Command  
  103  10:06  Marine x2  
  105  10:07  Refinery  
  105  10:10  Refinery  
  105  10:15  Barracks  
  105  10:16  Marine x2  
  105  10:19  Barracks  
  107  10:23  Marine  
  107  10:24  Marine  
  109  10:33  Marine x2  
  104  10:41  Marine x2  
  101  10:51  Marine x2  
  103  10:59  Marine x2  
  105  11:09  Marine  
Tags
 
Add a new tag
Caveats
  • Supply blocks, unpowered buildings, or Contaminate may cause inaccurate times.
  • Supply counts are checked every 10 seconds.